 Dungeon Crawl Stone Soup version 0.14-a0-1499-g388a102 (webtiles) character file.

291730 thowas the Imperceptible (level 20, -8/91 HPs)
             Began as a Spriggan Enchanter on Dec 13, 2013.
             Was the Champion of Ashenzari.
             Shot with an arrow by a centaur warrior (23 damage)
             ... on Level 3 of the Vaults on Dec 15, 2013.
             The game lasted 06:42:34 (97121 turns).

thowas the Imperceptible (Spriggan Enchanter)      Turns: 97121, Time: 06:42:34

HP  -8/91        AC  5     Str 11      XL: 20   Next: 23%
MP   0/43        EV 40     Int 22      God: Ashenzari [******]
Gold 3730        SH 18     Dex 19      Spells:  7 memorised, 25 levels left

rFire  + + .     SeeInvis +     H - +4,+7 dagger of the Evil Eye {pain, rPois rF+}
rCold  + . .     Clarity  +     f - +1 robe "Skiobrieff" {rF+ Dam+3}
rNeg   . . .     Conserve .     x - +0 buckler {rF+} (curse)
rPois  +         rCorr    .     d - +0 cap {SInv} (curse)
rElec  .         rRot     .     S - +2 cloak {rPois} (curse)
SustAb . .       Spirit   +     (gloves unavailable)
rMut   .         Warding  .     (boots unavailable)
Saprov . . .     Stasis   .     t - amulet of guardian spirit
                                W - cursed ring of ice
                                m - cursed ring of Autotheism {Str+3 Int+3}

@: very quick, extremely resistant to hostile enchantments, uncannily stealthy
A: unfitting armour, see invisible, deformed body, herbivore 3, speed 3, frail
1, slow metabolism 2
a: Scrying, Transfer Knowledge, Renounce Religion
}: 1/15 runes: barnacled


You were on level 3 of the Vaults.
You worshipped Ashenzari.
Ashenzari was exalted by your worship.
You were not hungry.

You visited 9 branches of the dungeon, and saw 44 of its levels.
You also visited: Labyrinth, Sewer, Ice Cave and Wizlab.

You collected 4927 gold pieces.
You spent 1197 gold pieces at shops.

Inventory:

Hand weapons
 H - the cursed +4,+7 dagger of the Evil Eye (weapon) {pain, rPois rF+}
   (You found it on level 13 of the Dungeon)

   In the hands of one skilled in necromantic magic, it inflicts extra damage on
   living creatures.
   It protects you from fire.
   It protects you from poison.
   It has a curse placed upon it.
Armour
 d - a cursed +0 cap of see invisible (worn)
 f - the cursed +1 robe "Skiobrieff" (worn) {rF+ Dam+3}
   (You found it in an ice cave)

   It affects your damage-dealing abilities (+3).
   It protects you from fire.
   It has a curse placed upon it.
 x - a cursed +0 buckler of fire resistance (worn)
 M - a +0 cloak of darkness
 S - a cursed +2 cloak of poison resistance (worn)
Magical devices
 i - a wand of digging (14)
 p - a wand of fireball (6)
 z - a wand of invisibility (4)
 E - a wand of lightning (1)
 N - a wand of hasting (4) {unknown}
 O - a wand of invisibility (4)
 Q - a wand of polymorph (1)
 X - a wand of heal wounds (3)
Comestibles
 q - a meat ration
 C - a bread ration
Scrolls
 b - a scroll of fear
 e - a scroll of teleportation
 h - 2 scrolls of identify
 k - 4 scrolls of recharging
 l - a scroll of curse jewellery
 v - a scroll of curse armour
 F - a scroll of enchant weapon I
 I - 2 scrolls of curse weapon
 L - 2 scrolls of magic mapping
 R - 2 scrolls of remove curse
 T - a scroll of enchant weapon II
 V - a scroll of silence
 Y - a scroll of amnesia
Jewellery
 m - the cursed ring of Autotheism (left hand) {Str+3 Int+3}
   (You took it off an orc knight on level 14 of the Dungeon)

   [ring of strength]

   It affects your strength (+3).
   It affects your intelligence (+3).
   It has a curse placed upon it.
 n - a cursed ring of teleportation
 s - an uncursed amulet of stasis
 t - an amulet of guardian spirit (around neck)
 y - a +3 ring of intelligence
 J - an uncursed ring of poison resistance
 W - a cursed ring of ice (right hand)
Potions
 a - 2 potions of resistance
 c - 6 potions of curing
 j - a potion of lignification
 r - 3 potions of magic
 u - a potion of flight {unknown}
 w - 2 potions of restore abilities
 A - 3 potions of invisibility
 D - 2 potions of speed
 G - a potion of agility
 K - a potion of beneficial mutation {unknown}
 Z - a potion of cure mutation
Books
 o - a book of the Sky

   Spells                             Type                      Level
   Flight                             Charms/Air                   3
   Airstrike                          Air                          4
   Silence                            Hexes/Air                    5
   Deflect Missiles                   Charms/Air                   6
   Conjure Ball Lightning             Conjuration/Air              6
   Tornado                            Air                          9
Magical staves
 g - an uncursed staff of earth
Miscellaneous
 P - a box of beasts


   Skills:
 - Level 10.0 Fighting
 - Level 7.0(11.5) Short Blades
 - Level 1.1 Throwing
 - Level 24.0(27) Dodging
 - Level 25.9(27) Stealth
 - Level 6.0(9.1) Shields
 - Level 16.1 Spellcasting
 - Level 13.0(15.6) Hexes
 * Level 11.0(13.8) Necromancy
 - Level 4.0(6.8) Ice Magic
 - Level 6.0(9.1) Evocations


You had 25 spell levels left.
You knew the following spells:

 Your Spells              Type           Power        Failure   Level  Hunger
a - Simulacrum            Ice/Necr       #######...   10%         6    ####...
c - Confuse               Hex            ######..     0%          3    None
e - Enslavement           Hex            ######..     1%          4    None
f - Cause Fear            Hex            ######....   1%          4    None
i - Invisibility          Hex            ######..     1%          6    ####...
p - Apportation           Tloc           ###.......   3%          1    None
s - Ensorcelled Hibernat  Hex/Ice        ######       1%          2    None


Dungeon Overview and Level Annotations

Branches:
Dungeon (16/16)            Temple (1/1) D:7             Orc (4/4) D:10
    Elf (1/3) Orc:3          Lair (8/8) D:9          Shoals (5/5) Lair:4
  Snake (5/5) Lair:4        Slime (0/6) Lair:7       Vaults (3/5) D:14
 Forest (0/5) Vaults:2     Depths (1/6) D:16
  Blade: Vaults:3-4

Altars:
Ashenzari
Cheibriados
Elyvilon
Fedhas
Kikubaaqudgha
Makhleb
Nemelex Xobeh
Okawaru
Sif Muna
Trog
Vehumet
Xom
Yredelemnul
Zin
the Shining One
Beogh

Shops:
D:7 [   D:13 ?(}**   D:15 ?   Orc:4 ([=!*   Vaults:1 ?!   Vaults:2 /

Annotations:
D:14 exclusion: Roxanne, Roxanne
Shoals:5 exclusion: oklob plant
Snake:2 acidapple's ghost, mighty MfGl
Snake:5 exclusion: ice statue
Vaults:2 Frederick


Innate Abilities, Weirdness & Mutations

You are tiny and cannot use many weapons and most armour.
You have supernaturally acute eyesight.
You are a herbivore.
You cover ground extremely quickly.
You need consume almost no food.
Armour fits poorly on your strangely shaped body.
You are frail (-10% HP).


Message History

Confirm with . or Enter, or press ? or * to list all spells.
Aiming: Ensorcelled Hibernation
Press: ? - help, Shift-Dir - straight line, f - centaur warrior, p - ironbrand convoker
Aim: a centaur warrior, wielding a longbow You feel a surge of power!
The centaur warrior easily resists.
The centaur warrior shoots an arrow.
The arrow hits you!
Casting: Ensorcelled Hibernation
Confirm with . or Enter, or press ? or * to list all spells.
Aiming: Ensorcelled Hibernation
Press: ? - help, Shift-Dir - straight line, f/p - centaur warrior
Aim: a centaur warrior, wielding a longbow You feel a surge of power!
The centaur warrior resists.
The centaur warrior shoots an arrow.
The arrow hits you!
* * * LOW HITPOINT WARNING * * *
Drink which item? (? for menu, Esc to quit)
You feel better.
The centaur warrior shoots an arrow.
The arrow hits you!
* * * LOW HITPOINT WARNING * * *
Drink which item? (? for menu, Esc to quit)
You feel better.
The centaur warrior shoots an arrow.
The arrow hits you!
You die...

(%...............................
.................................
....................@............
............).{.((..(@@..........
#########+##..(#########.........
...........#...#.......#.........
....#.#....#...#.....!.#.........
..<.###....#...#.......#.........
....#.#....#...#@..c>..#.........
[###...###.#...).......'.........
.[#..<.)#..#@..#.).....#.........
[###...###.#...#.......#.........
%...#.#....#...#.......#.........
[...###.>..#...#.......#.........
....#.#....#...#.......#.........
...........#...#.......#.........
#####'######...#.......#.........


You could see a centaur warrior and an ironbrand convoker (confused).

Vanquished Creatures
  Norris (Snake:4)
  Lamia (Snake:3)
  Nikola (Shoals:5)
  The ghost of TomPliss the Malleable, a mighty MfTm of Makhleb (Snake:5)
  Polyphemus (Shoals:5)
  Rupert (Shoals:5)
  Ilsuiw (Shoals:5)
  5 vault wardens
  2 orc warlords
  Wiglaf (Vaults:2)
  Maud (Snake:1)
  A fire giant (Vaults:1)
  Louise (D:14)
  Jorgrun (Vaults:1)
  3 greater nagas
  6 stone giants
  A stone giant (shapeshifter) (D:14)
  Azrael (Snake:1)
  2 merfolk javelineers (Shoals:5)
  Snorg (Lair:3)
  4 merfolk impalers (Shoals:5)
  A minotaur (Lab)
  4 ettins (Depths:1)
  6 sirens
  A fire dragon (Vaults:1)
  2 ironheart preservers (Vaults:1)
  A great orb of eyes (Vaults:3)
  10 vault guards
  4 spriggans (Vaults:2)
  Fannar (Lair:1)
  Harold (D:15)
  6 yaktaur captains
  3 merfolk aquamancers (Shoals:5)
  16 hydras
  Nessos (Elf:1)
  3 ice dragons
  5 anacondas
  Erica (D:14)
  19 death yaks
  A titan zombie (D:13)
  12 centaur warriors
  11 ogre magi
  A fire crab (Shoals:5)
  Urug (Orc:4)
  36 naga warriors
  4 orc high priests
  2 deep troll shamans (Depths:1)
  A catoblepas (Shoals:5)
  A very ugly thing (D:16)
  An iron golem (Vaults:1)
  A fire crab (shapeshifter) (Vaults:2)
  Erolcha (D:8)
  3 unseen horrors
  2 deep elf knights
  A shadow wraith (Vaults:3)
  A giant orange brain (D:16)
  15 sea snakes
  An iron troll (Vaults:2)
  An iron troll (shapeshifter) (Depths:1)
  A deep troll (Vaults:1)
  23 hill giants
  7 ironbrand convokers
  A giant amoeba (Vaults:1)
  5 orc sorcerers
  Joseph (D:7)
  2 wolf spiders
  5 griffons
  2 oklob plants (Lair:7)
  27 harpies
  11 orc knights
  12 cyclopes
  2 stone giant zombies (D:13)
  2 deep elf conjurers (Elf:1)
  2 red wasps
  A necromancer (IceCv)
  A draconian (shapeshifter) (D:14)
  9 elephants
  2 octopodes (Shoals:5)
  5 vault sentinels
  Maurice (D:9)
  7 guardian serpents
  A spiny frog (shapeshifter) (Vaults:3)
  44 black mambas
  A feature mimic (Lair:3)
  Psyche (D:8)
  18 yaktaurs
  9 mermaids
  An efreet (D:15)
  23 naga magi
  A deep elf priest (Elf:1)
  A queen bee (D:15)
  19 spiny frogs
  6 komodo dragons
  A minotaur zombie (Lab)
  A wind drake (shapeshifter) (D:16)
  11 trolls
  A polar bear (shapeshifter) (Vaults:3)
  A hydra zombie (D:11)
  A giant firefly (shapeshifter) (Vaults:2)
  A wandering mushroom (D:9)
  3 fire drakes
  A giant firefly (Vaults:2)
  A wolf spider simulacrum (IceCv)
  Prince Ribbit (D:9)
  2 giant leeches (Lair:8)
  35 slime creatures
  A raven (shapeshifter) (D:16)
  15 two-headed ogres
  3 boulder beetles
  A jumping spider (shapeshifter) (D:16)
  29 blink frogs
  2 trapdoor spiders
  2 vampires
  20 snapping turtles
  2 wraiths
  A tarantella (shapeshifter) (D:16)
  A brown ooze (shapeshifter) (D:14)
  A water elemental (Shoals:5)
  A merfolk (shapeshifter) (D:16)
  3 basilisks
  2 toenail golems (WizLab)
  16 sharks
  61 ugly things
  49 yaks
  5 clay golems (WizLab)
  2 deep elf magi
  A wyvern (D:12)
  3 hungry ghosts
  3 fire bats (Shoals:5)
  Grum (D:9)
  A hill giant skeleton (D:14)
  2 mottled dragons (Vaults:1)
  7 deep elf fighters
  25 hippogriffs
  42 merfolk
  A fire elemental (Snake:1)
  14 wolves
  4 necrophages
  Edmund (D:7)
  Menkaure (D:7)
  16 vampire mosquitoes
  A soldier ant (D:12)
  16 freezing wraiths
  5 hell hounds (Snake:1)
  7 porcupines
  87 nagas
  39 orc warriors
  A trapdoor spider simulacrum (D:14)
  12 manticores
  19 ice beasts
  3 black bears
  2 phantoms
  54 ogres
  5 sky beasts
  7 giant goldfish
  A boring beetle (shapeshifter) (D:14)
  24 centaurs
  10 crocodiles
  The ghost of thowas the Slasher, an average FoFi (D:3)
  A spriggan simulacrum (IceCv)
  Sigmund (D:7)
  34 giant frogs
  5 big kobolds
  16 water moccasins
  15 giant slugs
  9 wargs
  A brain worm (D:16)
  5 earth elementals (WizLab)
  2 cyclops zombies
  11 agate snails
  A gnoll sergeant (D:11)
  A glowing shapeshifter simulacrum (Vaults:1)
  A yaktaur skeleton (D:15)
  2 cyclops skeletons
  A troll zombie (D:9)
  3 eyes of draining
  2 lava fish (Shoals:5)
  An eye of draining (shapeshifter) (Vaults:2)
  A hippogriff zombie (D:9)
  A yak zombie (D:13)
  22 killer bees
  A swamp dragon simulacrum (IceCv)
  A yak skeleton (D:11)
  3 electric eels (Lair:8)
  4 draconian simulacra (IceCv)
  6 goliath beetles
  5 hounds
  7 wights
  12 crimson imps
  2 giant frog zombies
  4 jellies
  A yaktaur simulacrum (Vaults:1)
  3 big fish
  A centaur skeleton (D:6)
  24 orc priests
  6 iguanas
  5 spiders (Snake:5)
  A giant frog skeleton (D:9)
  29 orc wizards
  3 scorpions
  16 worker ants
  4 troll simulacra (IceCv)
  24 sheep
  3 centaur simulacra (IceCv)
  Ijyb (D:2)
  A brain worm zombie (D:16)
  2 polar bear simulacra (IceCv)
  A mottled dragon skeleton (D:15)
  2 hound zombies
  An ogre skeleton (D:11)
  A mummy (D:9)
  3 ogre simulacra (IceCv)
  8 gnolls
  An adder (shapeshifter) (Depths:1)
  42 adders
  5 giant centipedes
  A worm zombie (D:9)
  12 white imps (IceCv)
  56 green rats
  5 naga simulacra (IceCv)
  6 worms
  5 giant mites
  An iguana zombie (D:11)
  An adder zombie (D:6)
  20 grey rats (Sewer)
  3 giant eyeballs
  6 giant geckos
  162 orcs
  17 ball pythons
  A bat skeleton (D:6)
  A bat zombie (D:6)
  2 giant cockroaches
  19 goblins
  23 hobgoblins
  19 jackals
  44 kobolds
  5 oozes
  11 quokkas
  A ball python zombie (D:6)
  24 bats
  A giant gecko skeleton (D:5)
  7 giant newts
  A goblin skeleton (D:5)
  A kobold zombie (D:6)
  A quokka skeleton (D:6)
  36 rats
  15 ballistomycetes
  6 fungi (D:9)
  A plant (D:13)
2049 creatures vanquished.

Vanquished Creatures (collateral kills)
  A greater naga (Snake:5)
  A naga (Snake:5)
2 creatures vanquished.

Vanquished Creatures (others)
  An ogre mage (D:15)
  A black mamba (Snake:5)
  A yaktaur (Vaults:3)
  A merfolk (Shoals:5)
  A deep elf fighter (Depths:1)
  A naga (Snake:4)
  2 chimeras (Vaults:2)
  2 centaurs
  An agate snail (Lair:7)
  A green rat (Lair:2)
  An orc (Orc:3)
  A quokka (Lair:1)
  4 giant spores
  2 ballistomycetes (D:14)
  8 fungi
  34 plants
  9 tentacles (Shoals:1)
  304 tentacle segments (Shoals:1)
375 creatures vanquished.

Grand Total: 2426 creatures vanquished

Notes
Turn   | Place    | Note
--------------------------------------------------------------
     0 | D:1      | thowas, the Spriggan Enchanter, began the quest for the Orb.
     0 | D:1      | Reached XP level 1. HP: 9/9 MP: 4/4
   476 | D:1      | Reached skill level 4 in Stealth
   555 | D:1      | Reached XP level 2. HP: 8/13 MP: 7/7
   565 | D:1      | Learned a level 2 spell: Ensorcelled Hibernation
  1181 | D:2      | Reached skill level 5 in Stealth
  1393 | D:2      | Reached XP level 3. HP: 16/16 MP: 9/9
  1398 | D:2      | Learned a level 3 spell: Confuse
  1504 | D:2      | Reached skill level 6 in Stealth
  1654 | D:2      | Noticed Ijyb
  1735 | D:2      | Killed Ijyb
  1735 | D:2      | Reached XP level 4. HP: 18/21 MP: 4/12
  2040 | D:2      | Reached skill level 7 in Stealth
  2417 | D:3      | Noticed a centaur
  2447 | D:3      | Killed a centaur
  2447 | D:3      | Reached skill level 8 in Stealth
  2447 | D:3      | Reached XP level 5. HP: 24/24 MP: 14/14
  2632 | D:3      | Noticed thowas' ghost (average FoFi)
  2651 | D:3      | Killed thowas' ghost
  2894 | D:3      | Reached XP level 6. HP: 24/28 MP: 13/18
  3206 | D:3      | Reached skill level 5 in Hexes
  4159 | D:4      | Reached skill level 9 in Stealth
  4529 | D:4      | Reached XP level 7. HP: 32/32 MP: 18/21
  4693 | D:4      | Found a glowing drain.
  4712 | Sewer    | Entered a sewer
  5374 | Sewer    | Reached skill level 5 in Spellcasting
  6714 | D:4      | Reached skill level 10 in Stealth
  6887 | D:4      | Paralysed by a giant eyeball for 4 turns
  6917 | D:5      | Entered Level 5 of the Dungeon
  7628 | D:5      | Reached skill level 1 in Ice Magic
  7628 | D:5      | Reached XP level 8. HP: 36/36 MP: 19/24
  8496 | D:6      | Found a shimmering altar of Xom.
  9076 | D:6      | Reached skill level 10 in Hexes
  9168 | D:6      | Reached XP level 9. HP: 26/39 MP: 7/28
  9784 | D:7      | Noticed Joseph
  9804 | D:7      | Killed Joseph
  9804 | D:7      | Reached skill level 11 in Hexes
  9870 | D:7      | Noticed Edmund
  9880 | D:7      | Killed Edmund
  9958 | D:7      | Found a glowing golden altar of the Shining One.
  9966 | D:7      | Found a burning altar of Makhleb.
  9967 | D:7      | Found an ancient bone altar of Kikubaaqudgha.
 10016 | D:7      | Noticed Sigmund
 10021 | D:7      | Killed Sigmund
 10201 | D:7      | Noticed Menkaure
 10203 | D:7      | Found a staircase to the Ecumenical Temple.
 10212 | D:7      | Killed Menkaure
 10244 | Temple   | Entered the Ecumenical Temple
 10457 | Temple   | Became a worshipper of Ashenzari the Shackled
 10497 | D:7      | Identified a scroll of acquirement
 10555 | D:7      | Found Ekkool's Antique Armour Boutique.
 10559 | D:7      | Bought an orcish buckler for 50 gold pieces
 10586 | D:7      | Reached skill level 5 in Dodging
 11039 | D:8      | Noticed Psyche
 11046 | D:8      | Killed Psyche
 11165 | D:8      | Reached XP level 10. HP: 44/44 MP: 27/30
 11220 | D:8      | Found a snail-covered altar of Cheibriados.
 11893 | D:8      | Reached skill level 12 in Stealth
 12281 | D:8      | Noticed Erolcha
 12294 | D:8      | Killed Erolcha
 13018 | D:9      | Noticed Maurice
 13031 | D:9      | Killed Maurice
 13080 | D:9      | Learned a level 6 spell: Invisibility
 13085 | D:9      | Learned a level 4 spell: Enslavement
 13129 | D:9      | Found a staircase to the Lair.
 13134 | D:9      | Reached skill level 13 in Stealth
 13294 | D:9      | Reached skill level 10 in Dodging
 13342 | D:9      | Noticed Prince Ribbit
 13366 | D:9      | Found an iron altar of Okawaru.
 13378 | D:9      | Killed Prince Ribbit
 13456 | D:9      | Noticed Grum
 13601 | D:9      | Killed Grum
 14081 | Lair:1   | Entered Level 1 of the Lair of Beasts
 14090 | Lair:1   | Noticed a six-headed hydra
 14551 | Lair:1   | Reached XP level 11. HP: 27/47 MP: 13/31
 14975 | Lair:1   | Learned a level 1 spell: Apportation
 15073 | Lair:1   | Noticed Fannar
 15076 | Lair:1   | Killed Fannar
 15160 | Lair:1   | Identified Sif Muna's Handbook of Aid
 15711 | Lair:1   | Reached skill level 14 in Stealth
 17304 | Lair:2   | Reached skill level 15 in Stealth
 17795 | Lair:2   | Killed a six-headed hydra
 17795 | Lair:2   | Reached skill level 16 in Stealth
 18973 | Lair:3   | Noticed Snorg
 18982 | Lair:3   | Killed Snorg
 18994 | Lair:3   | Reached XP level 12. HP: 51/51 MP: 32/32
 19237 | Lair:3   | Found a staircase to the Shoals.
 19334 | Lair:3   | the staircase to the Shoals was a mimic.
 19938 | Lair:3   | Got an uncursed scintillating jade ring
 20090 | Lair:3   | Reached skill level 1 in Evocations
 20484 | Lair:4   | Found a staircase to the Snake Pit.
 20512 | Lair:4   | Noticed an eight-headed hydra
 20514 | Lair:4   | Identified the Handbook of Enhancements (You found it on level 4 of the Lair of Beasts)
 20518 | Lair:4   | Found a staircase to the Shoals.
 20520 | Lair:4   | Killed an eight-headed hydra
 20520 | Lair:4   | Reached skill level 5 in Evocations
 20903 | Lair:4   | Reached skill level 5 in Short Blades
 20922 | Lair:4   | Noticed a four-headed hydra
 20984 | Lair:4   | Killed a four-headed hydra
 22257 | Lair:2   | Identified the ring of the Gastropod {Hunger rC+ Str+1} (You found it on level 3 of the Lair of Beasts)
 22269 | Lair:2   | Learned a level 4 spell: Cause Fear
 22445 | D:10     | Entered Level 10 of the Dungeon
 22609 | D:10     | Reached skill level 15 in Dodging
 22768 | D:10     | Reached skill level 17 in Stealth
 23003 | D:10     | Found a staircase to the Orcish Mines.
 23557 | D:10     | Reached XP level 13. HP: 55/55 MP: 33/33
 24192 | D:11     | Acquired Ashenzari's first power
 25631 | D:12     | Found a basalt altar of Yredelemnul.
 25922 | D:12     | Reached skill level 18 in Stealth
 26570 | D:13     | Found Xuhaic's Weapon Boutique.
 26609 | D:13     | Found Fridanif's Gadget Emporium.
 26619 | D:13     | Found a frozen archway.
 26624 | D:13     | Found Bummaavo's Magic Scroll Shop.
 26758 | D:13     | Found Hiasiof's Assorted Antiques.
 26759 | D:13     | Found Ghygh's General Store.
 26760 | D:13     | Acquired Ashenzari's second power
 26811 | D:13     | Found a burning altar of Makhleb.
 26811 | D:13     | Noticed an Executioner
 26914 | D:13     | Bought a scroll of enchant weapon II for 82 gold pieces
 26914 | D:13     | Bought a scroll of enchant weapon I for 82 gold pieces
 26920 | IceCv    | Entered an ice cave
 27264 | IceCv    | Reached skill level 19 in Stealth
 27562 | IceCv    | Identified the cursed +1 robe "Skiobrieff" {rF+ Dam+3}
 27610 | IceCv    | Found an ancient bone altar of Kikubaaqudgha.
 29481 | D:13     | Bought a scroll of blinking for 82 gold pieces
 30339 | D:13     | Noticed a stone giant
 30361 | D:13     | Reached XP level 14. HP: 59/59 MP: 26/34
 30365 | D:13     | Killed a stone giant
 30433 | D:13     | Identified the +4,+7 dagger of the Evil Eye {pain, rPois rF+}
 31139 | D:13     | Identified the cursed +1,+1 scythe "Qeogeih" {elec, Int+4}
 31139 | D:13     | Identified the +8,+6 cutlass of the Special Songs {drain, Hunger +Blink +Inv +Fly rF+}
 31586 | Orc:1    | Entered Level 1 of the Orcish Mines
 31730 | Orc:2    | Found a roughly hewn altar of Beogh.
 32021 | Orc:2    | Noticed an orc warlord
 32658 | Orc:2    | Killed an orc warlord
 32658 | Orc:2    | Reached skill level 20 in Dodging
 32831 | Orc:1    | Acquired Ashenzari's third power
 33267 | Orc:3    | Found a roughly hewn altar of Beogh.
 33598 | Orc:3    | Found a staircase to the Elven Halls.
 33621 | Orc:2    | Identified the +2 ring mail of Minor Irritation {rF+} (You found it on level 1 of the Lair of Beasts)
 34579 | Orc:4    | Entered Level 4 of the Orcish Mines
 34675 | Orc:4    | Found Shrir's Distillery.
 34720 | Orc:4    | Bought 2 potions of heal wounds for 72 gold pieces
 34762 | Orc:4    | Noticed Urug
 34784 | Orc:4    | Killed Urug
 34795 | Orc:4    | Found a glowing silver altar of Zin.
 34839 | Orc:4    | Found Qepamuask's Jewellery Boutique.
 35069 | Orc:4    | Noticed an orc warlord
 35070 | Orc:4    | Found Brasaaj's General Store.
 35287 | Orc:4    | Found Tefas' Antique Armour Boutique.
 35353 | Orc:4    | Killed an orc warlord
 35353 | Orc:4    | Reached skill level 21 in Dodging
 35469 | Orc:4    | Bought a scroll of blinking for 71 gold pieces
 35469 | Orc:4    | Bought a scroll of enchant armour for 71 gold pieces
 35469 | Orc:4    | Bought a scroll of curse weapon for 26 gold pieces
 35734 | Orc:4    | Bought a runed robe for 16 gold pieces
 35746 | Orc:4    | Found Yfaafis' Antique Weapon Shop.
 36378 | Elf:1    | Entered Level 1 of the Elven Halls
 36401 | Elf:1    | Noticed Nessos
 36407 | Elf:1    | Killed Nessos
 36407 | Elf:1    | Reached skill level 22 in Dodging
 36732 | Elf:1    | Noticed a deep elf sorcerer
 37208 | Lair:2   | Learned a level 6 spell: Simulacrum
 37442 | D:14     | Found a gate to the Vaults.
 37461 | D:14     | Reached skill level 1 in Necromancy
 38091 | D:14     | Noticed Erica
 38120 | D:14     | Killed Erica
 38379 | D:14     | Noticed Roxanne
 38421 | D:14     | Noticed Louise
 38781 | D:14     | Killed Louise
 39110 | D:14     | Reached XP level 15. HP: 51/63 MP: 28/35
 39772 | D:14     | Identified the ring of Autotheism {Str+3 Int+3} (You took it off an orc knight on level 14 of the Dungeon)
 40831 | Lair:2   | Upgraded the game from 0.14-a0-1444-g21dc12d to 0.14-a0-1474-g1105da3
 40907 | Lair:4   | Reached skill level 1 in Fighting
 41886 | Lair:5   | Found a white marble altar of Elyvilon.
 43001 | Lair:6   | Acquired Ashenzari's fourth power
 43955 | Lair:7   | Reached skill level 5 in Fighting
 45633 | Lair:7   | Found a staircase to the Slime Pits.
 45716 | Lair:8   | Entered Level 8 of the Lair of Beasts
 46140 | Lair:8   | Found a labyrinth entrance.
 46149 | Lab      | Entered a labyrinth
 46283 | Lab      | Identified Cruff's Grimoire of Earthen Moulding
 46283 | Lab      | Identified the Tome of Bewitchment
 46675 | Lair:8   | Reached skill level 10 in Spellcasting
 47021 | Lair:7   | Reached XP level 16. HP: 68/77 MP: 34/36
 48968 | Lair:2   | Yermak: nice dagger
 49027 | Lair:2   | Yermak: I'd use it through all the game
 49027 | Lair:2   | thowas: yeah
 49027 | Lair:2   | thowas: i have a normal dagger of pain
 49027 | Lair:2   | thowas: which i could enchant maybe
 49027 | Lair:2   | Yermak: this is better
 49027 | Lair:2   | thowas: but the resistances are good
 49032 | Lair:2   | Yermak: bad hat you're wearing
 49032 | Lair:2   | thowas: yeah ..
 49032 | Lair:2   | thowas: afk
 49559 | D:15     | Entered Level 15 of the Dungeon
 49907 | D:15     | Found Klaguch's Magic Scroll Emporium.
 49941 | D:15     | Bought a scroll of enchant armour for 88 gold pieces
 50081 | D:15     | Noticed Harold
 50090 | D:15     | Killed Harold
 50852 | D:16     | Entered Level 16 of the Dungeon
 51478 | D:16     | Found a staircase to the Depths.
 52467 | D:13     | Bought a scroll of remove curse for 45 gold pieces
 52530 | D:15     | Bought a scroll of remove curse for 48 gold pieces
 52530 | D:15     | Bought a scroll of remove curse for 48 gold pieces
 52737 | Snake:1  | Entered Level 1 of the Snake Pit
 52796 | Snake:1  | Noticed Maud
 52857 | Snake:1  | Killed Maud
 53054 | Snake:1  | Noticed Azrael
 53459 | Snake:1  | Killed Azrael
 54695 | Snake:2  | Noticed acidapple's ghost (mighty MfGl)
 55397 | Snake:2  | Found a burning altar of Makhleb.
 56283 | Snake:2  | Identified the cursed +0 chain mail of Leaves {Dex+3 Acc-6}
 56955 | Snake:3  | Noticed Lamia
 56960 | Snake:3  | Killed Lamia
 56960 | Snake:3  | Reached XP level 17. HP: 86/88 MP: 39/39
 57912 | Snake:4  | Reached skill level 10 in Fighting
 58524 | Snake:4  | Noticed Norris
 58530 | Snake:4  | Killed Norris
 58568 | Snake:5  | Entered Level 5 of the Snake Pit
 58964 | Snake:5  | Noticed TomPliss' ghost (mighty MfTm)
 59503 | Shoals:1 | Entered Level 1 of the Shoals
 61286 | Snake:5  | Reached skill level 23 in Stealth
 61589 | Snake:5  | Found an ancient bone altar of Kikubaaqudgha.
 62047 | Snake:5  | Killed TomPliss' ghost
 62459 | Snake:5  | Reached skill level 24 in Stealth
 66674 | Orc:3    | HP: 4/89 [deep elf death mage/vampiric draining (22)]
 67295 | Lair:2   | July: g. l., h. f.
 67607 | Snake:5  | Reached skill level 25 in Stealth
 69302 | Snake:5  | Reached XP level 18. HP: 93/93 MP: 35/39
 70209 | Depths:1 | Entered Level 1 of the Depths
 70299 | Depths:1 | Paralysed by a giant eyeball for 4 turns
 71615 | Depths:1 | Noticed a golden dragon
 71619 | Depths:1 | Identified the +5,+5 flail of Strategic Superiority {flame, rN+ Stlth++}
 71619 | Depths:1 | Identified the +11,+11 flail of the Rattle-Snake {speed, rPois}
 76409 | Shoals:2 | Identified the +4,+11 hand axe of Aliump {holy, Dex+2}
 81974 | Shoals:4 | Reached skill level 5 in Necromancy
 83304 | Shoals:5 | Entered Level 5 of the Shoals
 83357 | Shoals:5 | Noticed Rupert
 83507 | Shoals:5 | Killed Rupert
 84223 | Shoals:5 | Noticed Polyphemus
 84507 | Shoals:5 | Killed Polyphemus
 84818 | Shoals:5 | Noticed Nikola
 84826 | Shoals:5 | Killed Nikola
 85394 | Shoals:5 | Reached skill level 1 in Shields
 85394 | Shoals:5 | Reached XP level 19. HP: 98/98 MP: 35/40
 85421 | Shoals:5 | Got a barnacled rune of Zot
 85700 | Shoals:5 | Noticed Ilsuiw
 86267 | Shoals:5 | Killed Ilsuiw
 87051 | Vaults:1 | Entered Level 1 of the Vaults
 87102 | Vaults:1 | Reached skill level 10 in Necromancy
 87406 | Vaults:1 | Noticed Jorgrun
 87725 | Vaults:1 | Found Caliwuh's Distillery.
 87735 | Vaults:1 | Bought a potion of heal wounds for 33 gold pieces
 87735 | Vaults:1 | Bought a potion of heal wounds for 33 gold pieces
 87833 | Vaults:1 | Found a magical portal.
 87842 | WizLab   | Entered a wizard's laboratory
 87977 | WizLab   | Noticed an electric golem
 88205 | WizLab   | Identified the cursed +4 ring mail of the Forest {Dex+4 Int-4}
 88212 | WizLab   | Identified the +8 chain mail of Pleppaoh {rC+ Curse}
 88689 | Vaults:1 | Found Struvin's Magic Scroll Shop.
 88700 | Vaults:1 | Bought a scroll of blinking for 110 gold pieces
 88700 | Vaults:1 | Bought a scroll of remove curse for 60 gold pieces
 88700 | Vaults:1 | Bought a scroll of curse armour for 40 gold pieces
 88700 | Vaults:1 | Bought a scroll of curse armour for 40 gold pieces
 88700 | Vaults:1 | Bought a scroll of teleportation for 60 gold pieces
 89282 | Vaults:1 | Reached skill level 5 in Shields
 89606 | Vaults:1 | Killed Jorgrun
 90092 | Vaults:1 | Identified the +6,+4 crossbow "Banisher" {flame, SInv}
 91038 | Vaults:1 | Bought a scroll of fog for 40 gold pieces
 93106 | Vaults:2 | Noticed Wiglaf
 93112 | Vaults:2 | Killed Wiglaf
 93121 | Vaults:2 | Found Kliawot's Magical Wand Shop.
 93137 | Vaults:2 | Noticed Frederick
 93499 | Vaults:2 | Found a staircase to the Enchanted Forest.
 94233 | Vaults:2 | Reached skill level 15 in Spellcasting
 95394 | Vaults:2 | Reached XP level 20. HP: 102/102 MP: 42/42
 96175 | Vaults:3 | Gained mutation: You are frail (-10% HP). [mutagenic glow]
 96301 | Vaults:3 | Gained mutation: Armour fits poorly on your strangely shaped body. [mutagenic glow]
 96791 | Vaults:3 | Upgraded the game from 0.14-a0-1474-g1105da3 to 0.14-a0-1499-g388a102
 97119 | Vaults:3 | HP: 2/91 [centaur warrior/arrow (28)]
 97121 | Vaults:3 | Shot with an arrow by a centaur warrior

Action                   |  1- 3 |  4- 6 |  7- 9 | 10-12 | 13-15 | 16-18 | 19-21 || total
-------------------------+-------+-------+-------+-------+-------+-------+-------++-------
Melee: Dagger            |   121 |   171 |   289 |   629 |  1356 |  1255 |   642 ||  4463
 Cast: Ensorcelled Hiber |     4 |    59 |   129 |   372 |   668 |  1014 |   305 ||  2551
       Confuse           |     3 |     3 |    21 |    33 |   227 |   275 |    84 ||   646
       Corona            |     1 |       |       |       |       |       |       ||     1
       Cause Fear        |       |       |       |     1 |       |     1 |       ||     2
       Invisibility      |       |       |       |       |     6 |     9 |    12 ||    27
       Apportation       |       |       |       |       |       |     3 |       ||     3
Invok: Scrying           |       |       |       |       |     1 |       |     1 ||     2
Evoke: Wand              |       |       |     1 |     9 |     7 |    47 |       ||    64
       box of beasts     |       |       |       |       |       |       |     4 ||     4
  Use: Potion            |       |     1 |     3 |     2 |     5 |     7 |     4 ||    22
       Scroll            |       |       |    19 |    10 |    18 |    27 |    10 ||    84
 Stab: Sleeping          |    15 |    46 |   118 |   221 |   378 |   493 |   186 ||  1457
       Confused          |     1 |     3 |    10 |    21 |   115 |    66 |    23 ||   239
       Distracted        |       |     1 |     3 |     1 |    14 |    10 |     4 ||    33
       Invisible         |       |       |       |       |    16 |    25 |    23 ||    64
